 Dungeon Crawl Stone Soup version 0.29.1-2-gbd0b4ee654 (webtiles) character file.

Game seed: 10320113071785944068

2490 jamestheduck25 the Grappler (level 9, -4/89 HPs)
             Began as a Troll Berserker on Nov 14, 2022.
             Was an Elder of Trog.
             Slain by a lemure (5 damage)
             ... led by Pikel
             ... on level 7 of the Dungeon on Nov 15, 2022.
             The game lasted 00:08:28 (4387 turns).

jamestheduck25 the Grappler (Troll Berserker)       Turns: 4387, Time: 00:08:29

Health: -4/89      AC:  4    Str: 31    XL:     9   Next: 27%
Magic:  8/8        EV: 11    Int:  3    God:    Trog [****..]
Gold:   264        SH:  0    Dex:  9    Spells: 8/8 levels left

rFire   . . .      SeeInvis .     - Unarmed
rCold   . . .      Faith    .   (no shield)
rNeg    + . .      Spirit   .   a - +0 animal skin
rPois   .          Reflect  .   (helmet restricted)
rElec   .          Harm     .   (no cloak)
rCorr   .          Rampage  .   (gloves unavailable)
Will    .....                   (boots unavailable)
Stlth   +.........              (no amulet)
HPRegen 1.04/turn               k - ring of positive energy
MPRegen 0.11/turn               (no ring)

@: studying Unarmed Combat
A: large, unfitting armour, claws 3, regeneration 1, shaggy fur 1, tough skin 1
a: Renounce Religion, Berserk, Trog's Hand, Brothers in Arms


You were on level 7 of the Dungeon.
You worshipped Trog.
Trog was greatly pleased with you.
You visited 1 branch of the dungeon, and saw 7 of its levels.

You collected 264 gold pieces.

Inventory:

Armour
 a - a +0 animal skin (worn)
Jewellery
 k - a ring of positive energy (left claw)
Wands
 g - a wand of flame (34) (quivered)
 p - a wand of polymorph (9)
Scrolls
 e - 2 scrolls of amnesia
 j - 2 scrolls of fear {unknown}
 l - a scroll of torment {unknown}
 m - a scroll of silence {unknown}
 o - a scroll of poison {unknown}
 q - 2 scrolls of enchant armour {unknown}
 s - a scroll of magic mapping {unknown}
 u - a scroll of identify
Potions
 b - 3 potions of heal wounds {unknown}
 d - a potion of resistance
 f - 2 potions of flight {unknown}
 h - 4 potions of lignification
 i - a potion of ambrosia {unknown}
 n - 2 potions of attraction {unknown}
 r - a potion of degeneration {unknown}
 t - a potion of brilliance {unknown}
 v - a potion of berserk rage {unknown}


   Skills:
 + Level 6.0 Fighting
 + Level 6.2 Dodging
 - Level 0.5 Stealth
 + Level 9.6 Unarmed Combat


You had 8 spell levels left.
You didn't know any spells.
Your spell library was empty.

Dungeon Overview and Level Annotations

Branches:
Dungeon (7/15)             Temple (0/1) D:5

Altars:
Elyvilon
Fedhas
Makhleb
Qazlal
Trog

Shops:
D:5 (

Annotations:
D:7 Pikel


Innate Abilities, Weirdness & Mutations

You are too large for most types of armour.
You have claws for hands.
Your natural rate of healing is unusually fast.
You are covered in fur. (AC +1)
You have tough skin. (AC +1)


Message History

You are too injured to fight recklessly!
There are monsters nearby!
You are too injured to fight recklessly!
There are monsters nearby!
You are too injured to fight recklessly!
You scratch Pikel.
Pikel is lightly wounded.
Pikel hits you with a +0 whip of electrocution.
The lemure barely misses you. The lemure hits you.
The lemure hits you but does no damage.
You scratch Pikel but do no damage.
Pikel is lightly wounded.
The lemure hits you! x2
* * * LOW HITPOINT WARNING * * *
The lemure barely misses you.
Pikel hits you with a +0 whip of electrocution.
* * * LOW HITPOINT WARNING * * *
The lemure barely misses you.
You feel better. The lemure closely misses you. The lemure hits you.
The lemure barely misses you.
Pikel hits you with a +0 whip of electrocution!
* * * LOW HITPOINT WARNING * * *
The lemure hits you!
* * * LOW HITPOINT WARNING * * *
You claw Pikel! x2
Pikel is almost dead.
The lemure misses you. The lemure barely misses you. The lemure hits you.
* * * LOW HITPOINT WARNING * * *
The lemure hits you.
* * * LOW HITPOINT WARNING * * *
Pikel hits you with a +0 whip of electrocution.
* * * LOW HITPOINT WARNING * * *
You miss Pikel.
Pikel is almost dead.
You scratch Pikel.
Pikel is almost dead.
Pikel hits you with a +0 whip of electrocution.
* * * LOW HITPOINT WARNING * * *
The lemure misses you. The lemure hits you.
You die...

.......<.......#
...................#
.....<.............#
...................#
...................#
...................#
...................#
#.....55...........# ###
#....)K@...........###..
#.....55...........##...
##.................#.>..
.....$.............)....
.....................###
####................##
#...............##
###........##..##
##########..##


You could see Pikel and 4 lemures.

Vanquished Creatures
  Grinder (D:3)
  Sigmund (D:3)
  Eustachio (D:6)
  Edmund (D:5)
  A water moccasin (D:5)
  A black bear (D:4)
  2 ice beasts
  2 centaurs (D:5)
  2 ogres
  A phantom (D:3)
  3 necrophages
  A bullfrog (D:6)
  2 scorpions (D:6)
  A gnoll sergeant (D:6)
  3 wights (D:7)
  A howler monkey (D:5)
  2 hounds (D:4)
  A jelly (D:6)
  A gnoll bouda (D:5)
  2 orc wizards
  8 gnolls
  9 adders
  3 worms
  2 dart slugs
  28 orcs
  4 ball pythons
  7 endoplasms
  3 giant cockroaches
  6 goblins
  7 hobgoblins
  2 jackals (D:4)
  8 kobolds
  4 quokkas
  4 bats
  2 frilled lizards
  5 rats
132 creatures vanquished.

Vanquished Creatures (others)
  A wizard (D:3)
1 creature vanquished.

Grand Total: 133 creatures vanquished

Notes
Turn   | Place    | Note
-------+----------+-------------------------------------------
     0 | D:1      | jamestheduck25 the Troll Berserker began the quest for the
                  | Orb.
     0 | D:1      | Reached XP level 1. HP: 22/22 MP: 0/0
    93 | D:1      | Reached XP level 2. HP: 29/29 MP: 1/1
   259 | D:1      | Found a faded altar of an unknown god.
   462 | D:2      | Reached ** piety under Trog
   523 | D:2      | Reached XP level 3. HP: 36/36 MP: 2/2
   999 | D:3      | Noticed Sigmund
  1010 | D:3      | Killed Sigmund
  1011 | D:3      | Reached skill level 4 in Unarmed Combat
  1011 | D:3      | Reached XP level 4. HP: 19/45 MP: 3/3
  1011 | D:3      | Reached XP level 5. HP: 23/53 MP: 4/4
  1068 | D:3      | Reached skill level 5 in Unarmed Combat
  1086 | D:3      | Noticed a phantom
  1095 | D:3      | Killed a phantom
  1096 | D:3      | Reached XP level 6. HP: 56/61 MP: 5/5
  1233 | D:3      | Noticed Grinder
  1253 | D:3      | Killed Grinder
  1254 | D:3      | Reached skill level 6 in Unarmed Combat
  1254 | D:3      | Reached XP level 7. HP: 43/67 MP: 6/6
  1477 | D:3      | Found a bloodstained altar of Trog.
  1478 | D:3      | Noticed a wizard
  1483 | D:3      | Killed a wizard
  1745 | D:3      | Reached *** piety under Trog
  2205 | D:4      | Found a stormy altar of Qazlal.
  2466 | D:5      | Entered Level 5 of the Dungeon
  2473 | D:5      | Reached skill level 7 in Unarmed Combat
  2490 | D:5      | Reached XP level 8. HP: 13/79 MP: 7/7
  2591 | D:5      | Reached skill level 5 in Dodging
  2597 | D:5      | Found a staircase to the Ecumenical Temple.
  2605 | D:5      | Reached **** piety under Trog
  2785 | D:5      | Identified the +6 dagger of Lies {vorpal, rPois rN+}
  2792 | D:5      | Found a blossoming altar of Fedhas.
  2942 | D:5      | Reached skill level 5 in Fighting
  3038 | D:5      | Found Wargh's Antique Weapon Boutique.
  3077 | D:5      | Reached skill level 8 in Unarmed Combat
  3093 | D:5      | Noticed Edmund
  3102 | D:5      | Killed Edmund
  3541 | D:6      | Found a burning altar of Makhleb.
  3541 | D:6      | Noticed a balrug
  3621 | D:6      | Noticed Eustachio
  3639 | D:6      | Killed Eustachio
  3664 | D:6      | Reached XP level 9. HP: 88/88 MP: 8/8
  3674 | D:6      | Reached skill level 9 in Unarmed Combat
  4149 | D:6      | Found a white marble altar of Elyvilon.
  4374 | D:7      | Noticed Pikel
  4385 | D:7      | HP: 3/89 [Pikel/+0 whip of electrocution (4)]
  4387 | D:7      | HP: 1/89 [Pikel/+0 whip of electrocution (4)]
  4387 | D:7      | Slain by a lemure

Illustrated notes

Levels and vault maps discovered:
D:1:      wander_arrival_abandoned_jail, layout_rooms, basic_ecumenical_altar
D:2:      layout_loops_ring
D:3:      layout_loops_cross, trog_wizard, uniq_sigmund, uniq_grinder
D:4:      layout_loops_ring, kennysheep_mini_moat
D:5:      layout_basic, fedhas_ov_isle_minmay, minmay_temple_entry_mini_moons,
          serial_shops, shop, dk_noncrumbling_4, minmay_manual_mares,
          uniq_edmund
D:6:      layout_basic, elyvilon_altar_1, makhleb_altar_promises_db,
          amcnicky_mini_pool_small, grunt_decor_clamped, grunt_ministairs_5,
          uniq_eustachio
D:7:      layout_layer_cave, uniq_pikel

Skill      XL: |  1  2  3  4  5  6  7  8  9 |
---------------+----------------------------+-----
Fighting       | 3 4 5 6 |  6.0
Dodging        | 3 4 5 6 |  6.2
Unarmed Combat | 4 5 6 7 8 9 |  9.6
Stealth        | |  0.5

Action                   |  1- 3 |  4- 6 |  7- 9 || total
-------------------------+-------+-------+-------++-------
Melee: Unarmed           |   100 |    54 |   224 ||   378
       Punch             |       |     1 |    10 ||    11
Invok: Berserk           |       |       |     1 ||     1
  Use: Scroll            |       |       |     4 ||     4
       Potion            |       |       |     2 ||     2
 Stab: Sleeping          |       |       |     2 ||     2
Armor: Animal skin       |    37 |    14 |    60 ||   111
Dodge: Dodged            |    49 |    18 |   109 ||   176
